 Dungeon Crawl Stone Soup version 0.31-b1-22-gc680215f68 (webtiles) character file.

Game seed: 13817322577573758011

283 GreatBamboolord the Firebug (level 6, -4/34 HPs)
             Began as a Deep Elf Fire Elementalist on Jan 18, 2024.
             Was a Follower of Vehumet.
             Slain by a black bear (6 damage)
             ... on level 4 of the Dungeon.
             The game lasted 00:10:00 (3388 turns).

GreatBamboolord the Firebug (DEFE)                  Turns: 3388, Time: 00:10:00

Health: -4/34      AC:  3    Str:  5    XL:     6   Next: 7%
Magic:  3/14       EV: 13    Int: 22    God:    Vehumet [*.....]
Gold:   136        SH:  5    Dex: 15    Spells: 6/13 levels left

rFire   . . .        s - +1 dagger (speed)
rCold   . . .        (no shield)
rNeg    . . .        a - +0 robe
rPois   .            (no helmet)
rElec   .            (no cloak)
rCorr   .            i - +0 pair of gloves
SInv    +            (no boots)
Will    +....        d - amulet of reflection
Stlth   ++           l - ring of willpower
HPRegen 0.25/turn    p - ring of see invisible
MPRegen 0.14/turn

%: reflection
@: no status effects
A: no striking features
a: Renounce Religion


You were on level 4 of the Dungeon.
You worshipped Vehumet.
Vehumet was aware of your devotion.
You visited 1 branch of the dungeon, and saw 4 of its levels.

You collected 136 gold pieces.

Inventory:

Hand Weapons
 e - a +0 dagger of venom
 s - a +1 dagger of speed (weapon)
 t - the +4 spear of the End of Times {drain, Will++ Str+3}
   (You found it on level 3 of the Dungeon)

   Str+3:     It affects your strength (+3).
   Will++:    It greatly increases your willpower.
Armour
 a - a +0 robe (worn)
 f - a +0 tower shield of resistance
 i - a +0 pair of gloves (worn)
 w - the +5 ring mail of the Raven {rPois rF- Regen+ Str-4}
   (You found it on level 4 of the Dungeon)

   Str-4:     It affects your strength (-4).
   rF-:       It makes you vulnerable to fire.
   rPois:     It protects you from poison Regen+: It increases your rate of
   health regeneration.
Jewellery
 d - an amulet of reflection (around neck)
 l - a ring of willpower (left hand)
 p - a ring of see invisible (right hand)
Wands
 v - a wand of charming (12)
Scrolls
 j - 2 scrolls of teleportation
 m - a scroll of brand weapon
 n - a scroll of vulnerability {unknown}
 q - a scroll of enchant weapon {unknown}
Potions
 b - 2 potions of magic
 c - a potion of resistance {unknown}
 g - 3 potions of brilliance
 h - a potion of lignification {unknown}
 k - 3 potions of curing
 o - a potion of attraction {unknown}
 r - 2 potions of cancellation
 u - a potion of berserk rage {unknown}


   Skills:
 + Level 1.0 Fighting
 * Level 3.8 Dodging
 + Level 3.2 Stealth
 * Level 4.2 Spellcasting
 * Level 2.9 Conjurations
 + Level 1.4 Hexes
 * Level 2.0 Summonings
 * Level 4.3 Fire Magic


You had 6 spell levels left.
You knew the following spells:

 Your Spells              Type           Power      Damage    Failure   Level
a - Foxfire               Conj/Fire      80%        2x1d8     2%          1
b - Scorch                Fire           46%        2d6       2%          2
c - Summon Small Mammal   Summ           52%        N/A       4%          1
d - Inner Flame           Hex/Fire       17%        N/A       10%         3

Your spell library contained the following spells:

 Spells                   Type           Power      Damage    Failure   Level
 Freeze                   Ice            16%        1d4       11%         1
 Sting                    Conj/Alch      44%        1d5       6%          1
 Momentum Strike          Conj/Tloc      22%        3d8       9%          2
 Apportation              Tloc           8%         N/A       11%         1
 Necrotise                Necr           16%        1d4       11%         1
 Call Canine Familiar     Summ           13%        N/A       14%         3
 Volatile Blastmotes      Fire/Tloc      28%        2d12      14%         3
 Blink                    Tloc           8%         N/A       17%         2
 Lesser Beckoning         Tloc           8%         N/A       17%         2
 Flame Wave               Conj/Fire      20%        2d7       24%         4
 Summon Blazeheart Golem  Fire/Summ      18%        N/A       30%         4


Dungeon Overview and Level Annotations

Branches:
Dungeon (4/15)
 Temple: D:4-7

Altars:
Kikubaaqudgha
Makhleb
Nemelex Xobeh
Qazlal
Trog
Uskayaw
Vehumet
Yredelemnul
The Shining One


Message History

The black bear is lightly wounded.
The foxfire hits the black bear.
The black bear is lightly wounded.
The black bear bites you but does no damage.
The black bear closely misses you. The black bear barely misses you.
You conjure some foxfire!
The foxfire hits the black bear.
The black bear is moderately wounded.
The black bear barely misses you. The black bear claws you.
You block the black bear's attack.
You conjure some foxfire!
The foxfire hits the black bear.
The black bear is moderately wounded.
The foxfire hits the black bear but does no damage.
The black bear is moderately wounded.
The foxfire hits the black bear.
The black bear is heavily wounded.
You block the black bear's attack. The black bear claws you.
The black bear closely misses you.
You conjure some foxfire!
The foxfire hits the black bear.
The black bear is heavily wounded.
You block the black bear's attack. The black bear claws you. x2
Unknown command.
You conjure some foxfire!
The foxfire hits the black bear.
The black bear is severely wounded.
The foxfire hits the black bear.
The black bear is severely wounded.
The foxfire hits the black bear.
The black bear is almost dead.
The jackal barely misses you. The black bear barely misses you.
The black bear claws you but does no damage. x2
You conjure some foxfire!
The jackal bites you but does no damage.
The black bear goes berserk!
The jackal bites you but does no damage.
Unknown command.
You conjure some foxfire!
The black bear bites you! The black bear closely misses you.
The black bear barely misses you. The jackal closely misses you.
The black bear bites you!
* * * LOW HITPOINT WARNING * * *
The black bear claws you.
You die...

#.#
####†######.
#.# #.###
#.#
###...###..
#.#
#..........
#########
#.#...###..
........#
#.#...#
#########
##.#)..####
+vvv.......>
######
#v@###.#####
...... #hh#
.# ######
#..# .# ...#
.# .....
#.###.
######### #.
. .[.......
#. ..
########.


You could see a black bear (berserk, ally target) and a jackal (ally target).

Vanquished Creatures
  A hound (D:4)
  An orc priest (D:4)
  4 orc wizards
  Ijyb (D:3)
  2 adders
  A dart slug (D:2)
  13 orcs
  3 ball pythons
  5 endoplasms
  3 giant cockroaches
  6 goblins
  5 hobgoblins
  3 jackals (D:1)
  2 kobolds
  2 quokkas
  5 bats
  4 frilled lizards
  4 rats
65 creatures vanquished.

Vanquished Creatures (others)
  203 foxfires
203 creatures vanquished.

Grand Total: 268 creatures vanquished

Notes
Turn   | Place    | Note
-------+----------+-------------------------------------------
     0 | D:1      | GreatBamboolord the Deep Elf Fire Elementalist began the
                  | quest for the Orb.
     0 | D:1      | Reached XP level 1. HP: 10/10 MP: 6/6
   219 | D:1      | Reached XP level 2. HP: 8/15 MP: 4/8
   814 | D:1      | Learned a level 2 spell: Scorch
   816 | D:1      | Learned a level 1 spell: Summon Small Mammal
  1284 | D:2      | Reached XP level 3. HP: 16/20 MP: 6/9
  1288 | D:2      | Learned a level 3 spell: Inner Flame
  1731 | D:3      | Found a burning altar of Makhleb.
  1731 | D:3      | Found a glowing golden altar of the Shining One.
  1738 | D:3      | Found a basalt altar of Yredelemnul.
  1740 | D:3      | Found a bloodstained altar of Trog.
  1743 | D:3      | Found a radiant altar of Vehumet.
  1744 | D:3      | Found a hide-covered altar of Uskayaw.
  1749 | D:3      | Found an ancient bone altar of Kikubaaqudgha.
  1754 | D:3      | Found a sparkling altar of Nemelex Xobeh.
  1770 | D:3      | Became a worshipper of Vehumet
  1809 | D:3      | Reached XP level 4. HP: 5/24 MP: 0/11
  1831 | D:3      | Reached skill level 1 in Summonings
  1958 | D:3      | Found a stormy altar of Qazlal.
  2206 | D:3      | Identified the +4 spear of the End of Times {drain, Will++
                  | Str+3}
  2267 | D:3      | Noticed Ijyb
  2306 | D:3      | Killed Ijyb
  2307 | D:3      | Reached skill level 1 in Hexes
  2829 | D:4      | Reached XP level 5. HP: 28/28 MP: 4/12
  2987 | D:4      | Reached * piety under Vehumet
  2987 | D:4      | Offered knowledge of Freeze by Vehumet.
  3059 | D:4      | Reached skill level 1 in Fighting
  3114 | D:4      | Identified the +5 ring mail of the Raven {rPois rF- Regen+
                  | Str-4}
  3253 | D:4      | Reached XP level 6. HP: 34/34 MP: 11/14
  3388 | D:4      | Slain by a black bear

Illustrated notes

Levels and vault maps discovered:
D:1:      scummos_arrival_checkerplants, layout_loops_ring,
          chequers_serial_rivers_small_a
D:2:      layout_basic, chequers_serial_rivers_micro_d
D:3:      layout_loops_ring, mainiacjoe_overflow_catwalk,
          nicolae_overflow_hallway_of_the_gods, uniq_ijyb
D:4:      layout_loops_ring, minmay_temple_entry_hall

Skill      XL: |  1  2  3  4  5  6 |
---------------+-------------------+-----
Dodging        | 3 |  3.8
Summonings     | 1 2 |  2.0
Conjurations   | 2 |  2.9
Stealth        | 3 |  3.2
Hexes          | 1 |  1.4
Fire Magic     | 4 |  4.3
Spellcasting   | 4 |  4.2
Fighting       | 1 |  1.0

Action                     |  1- 3 |  4- 6 || total
---------------------------+-------+-------++-------
  Melee: Dagger            |    15 |    48 ||    63
         Punch             |     1 |       ||     1
   Cast: Foxfire           |    63 |    63 ||   126
         Scorch            |     2 |    16 ||    18
    Use: Scroll            |       |     5 ||     5
   Stab: Sleeping          |     3 |     2 ||     5
 Armour: Robe              |    17 |    50 ||    67
  Dodge: Dodged            |    13 |    51 ||    64
  Block: Other             |     6 |    13 ||    19
